 Dungeon Crawl Stone Soup version 0.30-a0-859-gf88a04b62d (webtiles) character file.

Game seed: 8524725576510173121

1754 lunkers the Slicer (level 9, -4/74 HPs)
             Began as a Meteoran Fighter on Mar 7, 2023.
             Was a Believer of Uskayaw.
             Slain by an orc warrior
             ... wielding a +0 war axe
              (11 damage)
             ... in a bailey.
             The game lasted 00:13:59 (4479 turns).

lunkers the Slicer (Meteoran Fighter)               Turns: 4479, Time: 00:13:59

Health: -4/74      AC: 11    Str: 17    XL:     9   Next: 51%
Magic:  10/13      EV: 11    Int: 10    God:    Uskayaw [**....]
Gold:   672        SH:  5    Dex: 19    Spells: 8/8 levels left

rFire   . . .      SeeInvis .    b - +3 quick blade (venom)
rCold   . . .      Faith    .    c - +0 buckler
rNeg    . . .      Spirit   .    f - +0 scale mail
rPois   .          Reflect  .    z - +1 helmet
rElec   .          Rampage  .    o - +0 cloak
rCorr   .                        d - +0 pair of gloves
Will    ++...                    (no boots) Stlth
                                 (no amulet)
HPRegen 0.32/turn                g - ring of willpower
MPRegen 0.13/turn                (no ring)

@: glowing
A: sense surroundings 2, otherworldly, glowing, explore regen
a: Renounce Religion, Stomp, Line Pass


You were in a bailey.
You worshipped Uskayaw.
Uskayaw was noncommittal.
You visited 2 branches of the dungeon, and saw 8 of its levels.
You also visited: Sewer and Bailey.

You collected 672 gold pieces.

Inventory:

Hand Weapons
 a - a +1 dagger of venom
 b - a +3 quick blade of venom (weapon)
 e - a +0 long sword
 i - a +3 dagger
 p - a +0 great sword
Missiles
 m - 3 curare-tipped darts
 n - 2 throwing nets
 F - 11 boomerangs
Armour
 c - a +0 buckler (worn)
 d - a +0 pair of gloves (worn)
 f - a +0 scale mail (worn)
 o - a +0 cloak (worn)
 s - a +1 hat
 z - a +1 helmet (worn)
Jewellery
 g - a ring of willpower (left hand)
Wands
 j - a wand of charming (4)
 u - a wand of digging (3)
Scrolls
 k - 3 scrolls of amnesia
 t - a scroll of fog
 v - 3 scrolls of enchant armour
 w - 2 scrolls of teleportation
 y - a scroll of brand weapon
 A - a scroll of magic mapping
 G - a scroll of blinking
Potions
 h - 2 potions of curing
 l - a potion of brilliance
 q - 4 potions of flight
 r - 2 potions of haste
 x - a potion of magic
 C - a potion of invisibility
 D - 2 potions of attraction
 E - a potion of mutation


   Skills:
 + Level 5.2 Fighting
 - Level 9.7(10.0) Short Blades
 - Level 3.1(7.4) Long Blades
 - Level 3.6 Armour
 + Level 4.1 Dodging
 - Level 3.6 Shields
 + Level 5.1 Invocations


You had 8 spell levels left.
You didn't know any spells.
Your spell library contained the following spells:

 Spells                   Type           Power      Damage    Failure   Level
 Ignite Poison            Fire/Tmut/Pois 0%         N/A       99%         3
 Kindle Blastsparks       Fire/Tloc/Air  0%         2d10      99%         3
 Freezing Cloud           Conj/Ice/Air   0%         6-21      100%        5


Dungeon Overview and Level Annotations

Branches:
Dungeon (7/15) Zot: 1032   Temple (1/1) D:5 Zot: 172   Sewer (visited)
 Bailey (1/1) Zot: 416

Altars:
Ashenzari
Cheibriados
Dithmenos
Elyvilon
Fedhas
Gozag
Hepliaklqana
Kikubaaqudgha
Makhleb
Nemelex Xobeh
Okawaru
Qazlal
Sif Muna
Trog
Uskayaw
Vehumet
Wu Jian
Xom
Yredelemnul
Zin
The Shining One


Innate Abilities, Weirdness & Mutations

You passively map the area around you.
You are easily found by Zot.
You glow in the dark.
You regain HP and MP as you explore.


Message History

The orc warrior hits you with a +0 war axe.
* * * LOW HITPOINT WARNING * * *
You stomp with the beat, sending a shockwave through the revellers around you!
The orc warrior is almost dead.
You can no longer stomp with the beat.
The orc warrior hits you with a +0 war axe!
* * * LOW HITPOINT WARNING * * *
You can now stomp with the beat.
Unknown command.
Unknown command.
You hit the orc warrior but do no damage.
The orc warrior looks as sick as possible!
The orc warrior is almost dead.
You kill the orc warrior!
Your Dodging skill increases to level 4!
Your Invocations skill increases to level 5!
Aiming: Charm
Press: ? - help, Shift-Dir - straight line, f - orc warrior
Aim: an orc warrior, wielding a +0 war axe and wearing a +0 ring mail (chance to affect: 49%)
The orc warrior resists with some effort.
You feel better. You block the orc warrior's attack.
You hit the orc warrior.
The orc warrior is poisoned.
The orc warrior is lightly wounded.
You hit the orc warrior.
The orc warrior looks as sick as possible!
The orc warrior is moderately wounded.
The orc warrior hits you but does no damage.
You hit the orc warrior but do no damage.
The orc warrior looks as sick as possible!
The orc warrior is moderately wounded.
You hit the orc warrior.
The orc warrior looks as sick as possible!
The orc warrior is moderately wounded.
You can now pass through a line of other dancers.
Unknown command.
You hit the orc warrior but do no damage.
The orc warrior looks as sick as possible!
The orc warrior is moderately wounded.
The orc warrior hits you with a +0 war axe!
You die...

#############
#∩.##...##..##
###..##......#
###########.############
*#......@og...g).........
.......#########........
* ..#####* , ##'#..... *
* , #..#....⌠ ** * ,,, ,
, , #.)###... ~~ , , , *
*###.)(.#... * ~ ** ,
.go..g..###†). ~ ~ ,
####'####..#..... ##
#...go..####..≈~≈


You could see an orc warrior (extremely poisoned), a hobgoblin and a goblin.

Vanquished Creatures
  A black bear (D:6)
  5 orc warriors (Bailey)
  A phantom (D:5)
  A kobold brigand (Sewer)
  3 bullfrogs (D:7)
  3 scorpions
  A howler monkey (D:5)
  A crimson imp (D:5)
  3 hounds
  3 jellies
  An orc priest (D:7)
  2 orc wizards (D:6)
  3 iguanas
  A sleepcap (D:6)
  8 adders
  5 river rats (Sewer)
  2 white imps (D:5)
  2 worms
  2 dart slugs
  20 orcs
  4 bats
  5 endoplasms
  3 giant cockroaches
  14 goblins
  10 hobgoblins
  6 jackals
  3 quokkas
  2 ball pythons
  5 frilled lizards
  15 kobolds
  3 rats
138 creatures vanquished.

Vanquished Creatures (others)
  10 plants
10 creatures vanquished.

Grand Total: 148 creatures vanquished

Notes
Turn   | Place    | Note
-------+----------+-------------------------------------------
     0 | D:1      | lunkers the Meteoran Fighter began the quest for the Orb.
     0 | D:1      | Reached XP level 1. HP: 19/19 MP: 2/2
    44 | D:1      | Reached XP level 2. HP: 26/26 MP: 3/3
    60 | D:1      | Reached skill level 1 in Short Blades
   315 | D:2      | Reached skill level 2 in Short Blades
   315 | D:2      | Reached XP level 3. HP: 31/31 MP: 4/4
   689 | D:3      | Reached XP level 4. HP: 38/38 MP: 5/5
   752 | D:3      | Reached skill level 3 in Short Blades
  1181 | D:4      | Found a glowing drain.
  1196 | Sewer    | Entered a sewer
  1207 | Sewer    | Reached skill level 4 in Short Blades
  1207 | Sewer    | Reached XP level 5. HP: 39/45 MP: 6/6
  1399 | Sewer    | Noticed a kobold brigand
  1421 | Sewer    | Killed a kobold brigand
  1422 | Sewer    | Reached skill level 5 in Short Blades
  1422 | Sewer    | Reached XP level 6. HP: 48/51 MP: 7/7
  1636 | Sewer    | Glimpsed the power of Zot.
  1711 | D:4      | Reached skill level 6 in Short Blades
  1766 | D:4      | Found a basalt altar of Yredelemnul.
  2053 | D:5      | Entered Level 5 of the Dungeon
  2104 | D:5      | Reached XP level 7. HP: 56/57 MP: 8/8
  2211 | D:5      | Reached skill level 7 in Short Blades
  2427 | D:5      | Found a staircase to the Ecumenical Temple.
  2446 | Temple   | Entered the Ecumenical Temple
  2851 | Temple   | Became a worshipper of Uskayaw the Reveller
  2897 | D:5      | Reached * piety under Uskayaw
  2939 | D:5      | Reached ** piety under Uskayaw
  2949 | D:5      | Reached skill level 8 in Short Blades
  2949 | D:5      | Reached XP level 8. HP: 59/63 MP: 9/9
  3391 | D:6      | Reached skill level 9 in Short Blades
  3881 | D:7      | Reached skill level 1 in Invocations
  3955 | D:7      | Identified a scroll of acquirement
  3955 | D:7      | Acquired a +2 quick blade of flaming
  3995 | D:7      | Reached skill level 1 in Dodging
  4001 | D:7      | Reached *** piety under Uskayaw
  4033 | D:7      | Gained mutation: You passively map the area around you.
                  | [Meteoran growth]
  4033 | D:7      | Reached XP level 9. HP: 66/71 MP: 12/12
  4192 | D:7      | Found a flagged portal.
  4223 | Bailey   | Entered a bailey
  4454 | Bailey   | Reached skill level 5 in Fighting
  4471 | Bailey   | HP: 1/74 [orc warrior/+0 war axe (13)]
  4473 | Bailey   | Reached skill level 5 in Invocations
  4479 | Bailey   | Slain by an orc warrior

Illustrated notes

Levels and vault maps discovered:
D:1:      lemuel_arrival_hallway, layout_basic
D:2:      layout_basic, serial_forest, infiniplex_forest_clump_diagonal,
          infiniplex_forest_corner_2, infiniplex_forest_clump_double,
          infiniplex_forest_lined_2, infiniplex_forest_straight_4
D:3:      corexii_shack_village, layout_loops_ring, hangedman_ru_absence,
          chequers_serial_rivers_micro_e, kennysheep_boxes
D:4:      layout_rooms, mainiacjoe_overflow_catwalk, portal_sewer_entry_d
D:5:      layout_basic, minmay_temple_entry_ruins, minmay_fire_ice_demons
D:6:      layout_basic
D:7:      layout_cave_pools, enter_bailey_5, worms_lemuel,
          uniq_crazy_yiuf_cottage
Temple:   mainiacjoe_temple_big_plus
Bailey:   bailey_axe_4, bailey

Skill      XL: |  1  2  3  4  5  6  7  8  9 |
---------------+----------------------------+-----
Long Blades    | 3 |  3.1
Short Blades   | 2 4 5 6 8 9 |  9.7
Invocations    | 3 5 |  5.1
Dodging        | 1 4 |  4.1
Fighting       | 5 |  5.2
Armour         | |  3.6
Shields        | |  3.6

Action                     |  1- 3 |  4- 6 |  7- 9 || total
---------------------------+-------+-------+-------++-------
  Melee: Long sword        |     6 |       |       ||     6
         Dagger            |    67 |   303 |   232 ||   602
         Quick blade       |       |       |   172 ||   172
 Invoke: Stomp             |       |       |     1 ||     1
  Evoke: Wand              |       |       |     1 ||     1
    Use: Scroll            |       |     4 |    17 ||    21
         Potion            |       |       |     3 ||     3
   Stab: Paralysed         |       |       |     3 ||     3
 Armour: Scale mail        |    33 |   121 |   109 ||   263
  Dodge: Dodged            |    11 |    85 |    93 ||   189
  Block: Buckler           |    13 |    55 |    60 ||   128

Table legend: (Time is in decaauts)
 A = Elapsed time spent in this place.
 B = Non-inter-level travel time spent in this place.
 C = Inter-level travel time spent in this place.
 D = Time resting spent in this place.
 E = Time spent auto-exploring this place.
 F = Levels seen in this place.
 G = Mean time per level.
                   A        B        C        D        E       F      G
               +--------+--------+--------+--------+--------+-----+--------+
         Total |   4319 |   4144 |    175 |      0 |   2882 |  10 |  431.9 |
       Dungeon |   3167 |   3027 |    140 |      0 |   2138 |   7 |  452.4 |
        Temple |    427 |    392 |     35 |      0 |    385 |   1 |  427.0 |
         Sewer |    540 |    540 |      0 |      0 |    349 |   1 |  540.0 |
        Bailey |    183 |    183 |      0 |      0 |      9 |   1 |  183.0 |
               +--------+--------+--------+--------+--------+-----+--------+

Top non-repeatable levels by time:
     D:5: 795 daAuts
   Sewer: 540 daAuts
     D:3: 494 daAuts
     D:6: 477 daAuts
  Temple: 427 daAuts
     D:4: 407 daAuts
     D:2: 391 daAuts
     D:7: 342 daAuts
     D:1: 259 daAuts
  Bailey: 183 daAuts
